[Event "Kvika Banki League Iceland 2022-23"]
[Site "Reykjavik"]
[Date "2022.10.14"]
[Round "2.1"]
[White "Lomasov, Semyon"]
[Black "Heimisson, Hilmir Freyr"]
[Result "1-0"]
[ECO "C02"]
[WhiteElo "2541"]
[BlackElo "2293"]
[Annotator "TA"]
[PlyCount "73"]
[EventDate "2022.10.13"]
[EventType "team-tourn"]
[EventCountry "ISL"]
[SourceTitle "playchess.com"]
[Source "ChessBase"]
[SourceQuality "1"]
[TimeControl "5400+30"]

1. e4 e6 2. d4 d5 3. e5 c5 4. c3 Qb6 5. Nf3 Bd7 6. Be2 Bb5 7. Bxb5+ Qxb5 {[%emt 0:00:07] C02: French: Advance Variation.} 8. Na3 Qd7 9. Nc2 Nc6 {[%emt 0:06:32] The position is equal.} 10. O-O {[%emt 0:01:25] [#]} Rc8 $146 ({Predecessor:} 10... cxd4 11. cxd4 Nge7 12. h4 h5 13. Qd3 Nf5 14. Bd2 Be7 15. g3 Rc8 16. Rfe1 a6 {1-0 (52) Jones,G (2666)-Di Benedetto,E (2407) Montesilvano 2022}) 11. Bd2 cxd4 12. cxd4 Nge7 13. b4 Qc7 (13... Nf5 $11) 14. Qe2 $16 Ng6 15. Rac1 (15. Rfc1 $16) 15... Qb6 16. h4 (16. b5 $5 Nce7 17. Na1 $16) 16... Be7 (16... Nxb4 $2 17. Nxb4 Rxc1 18. Rxc1 $18) (16... h5 $14) 17. b5 Na5 18. h5 Nf8 19. Ne3 {[%emt 0:02:54] Prevents Nc4.} Ra8 20. Rc2 $36 {[%emt 0:05:20][%mdl 2048] Keeping Black busy. White is more active.} Nd7 $2 {[%emt 0:00:58] A mistake that costs the game.} (20... a6 $16 21. bxa6 Rxa6) 21. Rfc1 $18 {[%emt 0:00:51][%cal Bf1c1,Bc1c7,Bc7b7,Bb7b8][%mdl 32] [#] Threatens to win with Rc8+.} O-O 22. Rc7 Rfd8 23. Bxa5 Qxa5 24. Rxb7 Rab8 25. Rcc7 Rxb7 26. Rxb7 {[%emt 0:00:02][%cal Oe3d5] Nxd5! is the strong threat.} Qa3 $2 {[%emt 0:06:29] [#]} (26... h6 {is a better defense.} 27. Qc2 Bb4) 27. Qc2 {[%emt 0:04:19] White is clearly winning.} Nb6 28. Qc7 Rd7 29. Rb8+ Bf8 30. Qc5 Qxc5 31. dxc5 Nc4 32. c6 Rc7 33. Nxc4 dxc4 34. Nd4 c3 35. Kf1 f6 36. Ke2 Re7 37. c7 {[%emt 0:00:46] Weighted Error Value: White=0.06 (flawless) /Black=0.52} 1-0

[Event "Kvika Banki League Iceland 2022-23"]
[Site "Reykjavik"]
[Date "2022.10.14"]
[Round "2.2"]
[White "Jonsson, Bjorgvin"]
[Black "Danielsen, Henrik"]
[Result "0-1"]
[ECO "C42"]
[WhiteElo "2331"]
[BlackElo "2521"]
[Annotator "TA"]
[PlyCount "77"]
[EventDate "2022.10.13"]
[EventType "team-tourn"]
[EventCountry "ISL"]
[SourceTitle "playchess.com"]
[Source "ChessBase"]
[SourceQuality "1"]
[TimeControl "5400+30"]

1. e4 e5 2. Nf3 Nf6 3. Nxe5 d6 4. Nf3 Nxe4 5. d4 d5 6. Bd3 Nc6 7. O-O Be7 8. c4 Nb4 9. Be2 O-O 10. Nc3 Bf5 11. a3 Nxc3 12. bxc3 Nc6 13. Re1 Re8 14. Bf4 {[%emt 0:02:24] C42: Petroff Defence: 3 Nxe5 and unusual White 3rd moves.} Rc8 15. Qa4 {[%emt 0:08:22] has lost popularity (15.c5).} Be4 16. Nd2 {[%emt 0:01:51] White is slightly better.} Bg5 17. Nxe4 dxe4 18. Bxg5 Qxg5 19. Qb5 (19. c5 {seems wilder.} e3 20. f3 Ne7 21. Bc4) 19... Qxb5 20. cxb5 Ne7 {[%emt 0:00:38] [#]} 21. Bc4 $146 ({Predecessor:} 21. f3 Nd5 22. fxe4 Nxc3 23. Bd3 c5 24. bxc6 Rxc6 25. Rac1 Rec8 26. Rc2 Kf8 27. d5 {½-½ (39) Verseghi,A (2319)-Nazarbekov,G (2292) ICCF email 2004}) 21... Nf5 22. Bb3 g6 23. Ra2 (23. g4 $5 Nd6 24. a4 $11) 23... Kf8 24. Rd2 Re7 25. a4 c5 (25... c6 $5 26. bxc6 Rxc6 $11) 26. bxc6 (26. dxc5 $1 $11 Rxc5 27. c4) 26... Rxc6 $15 27. c4 Rb6 28. Ba2 {[%emt 0:01:39] [#]} Rb4 $1 {[%emt 0:00:01] Black is more active.} 29. d5 {[%emt 0:03:27] [#]} b6 $1 30. a5 Nd6 31. axb6 axb6 32. Rc2 Rc7 33. Rec1 (33. g4 $15) 33... Rc5 34. Kf1 Ra5 35. Ke2 Ra3 36. Rd2 Rba4 37. Bb1 Ra1 ({Inferior is} 37... Rxc4 38. Rxc4 Nxc4 39. Rd4 $15) 38. Rdc2 $2 (38. Rb2 $17 {is more resistant.}) 38... Rb4 $19 39. Ba2 {[%emt 0:00:13] Weighted Error Value: White=0.37/Black=0.04 (flawless)} 0-1

[Event "Kvika Banki League Iceland 2022-23"]
[Site "Reykjavik"]
[Date "2022.10.14"]
[Round "2.3"]
[White "Ahlander, Bjorn"]
[Black "Jensson, Einar Hjalti"]
[Result "1/2-1/2"]
[ECO "D30"]
[WhiteElo "2406"]
[BlackElo "2331"]
[Annotator "TA"]
[PlyCount "104"]
[EventDate "2022.10.13"]
[EventType "team-tourn"]
[EventCountry "ISL"]
[SourceTitle "playchess.com"]
[Source "ChessBase"]
[SourceQuality "1"]
[TimeControl "5400+30"]

1. d4 d5 2. c4 c6 3. Nf3 e6 4. Qc2 Nf6 5. g3 b6 6. Bg2 {[%emt 0:00:25] D30: Queen's Gambit Declined: Systems without Nc3.} Bb7 7. O-O Nbd7 8. Rd1 {[%emt 0:02:20] White has an edge.} Rc8 {[%emt 0:01:30] [#]} 9. Bg5 $146 ({Predecessor:} 9. Nc3 Bb4 10. Ne5 Nxe5 11. dxe5 Nd7 12. cxd5 cxd5 13. e4 dxe4 14. Bxe4 Bxe4 15. Qxe4 Bxc3 16. bxc3 {0-1 (31) Wojtkiewicz,A (2563)-Blatny,P (2512) Philadelphia 2000}) 9... h6 10. Bxf6 Nxf6 11. Ne5 Bd6 12. Nc3 O-O 13. f4 Qe7 (13... c5 $5 ) 14. e3 c5 15. cxd5 cxd4 16. exd4 {[%emt 0:02:12] [#] Strongly threatening dxe6.} Bxd5 ({Don't take} 16... exd5 17. Qa4 $14) (16... Nxd5 {with more complications.} 17. Nxd5 Bxd5 18. Qe2 Qb7) 17. Nxd5 {[%emt 0:14:30] Pair of Knights!} Rxc2 18. Nxe7+ Bxe7 19. Nc6 Re8 20. Rab1 Nd5 21. Rdc1 Rd2 22. Rd1 Rc2 23. Rdc1 Rd2 24. Rd1 Rc2 25. Rbc1 (25. Nxa7 $5 Bf6 26. Nb5 $11) 25... Rxc1 (25... Rxb2 $2 26. Bxd5 exd5 27. Re1 $18) 26. Rxc1 Bf6 27. Kf2 Ne7 $1 28. Nxe7+ Rxe7 $11 {[%emt 0:00:08][%mdl 4096] Endgame KRB-KRB} 29. Ke3 g6 30. Bc6 Rc7 31. b4 b5 32. Ke4 Kf8 33. d5 Ke7 34. Rd1 {[%emt 0:01:19] [#] Hoping for d6+.} exd5+ (34... Kf8 $11) 35. Kxd5 $14 {[%emt 0:00:05] Threatens to win with Re1+.} Bc3 {[%emt 0:00:06] Against Re1+} 36. Kc5 ({Of course not} 36. Bxb5 Bxb4 37. Bc6 Rc8 $11) (36. a3 $14) 36... Bxb4+ $11 {[%emt 0:00:23] The position is equal.} 37. Kxb5 Bd6 38. a4 g5 39. fxg5 hxg5 40. a5 f5 41. a6 Ke6 42. Re1+ Be5 43. Kc5 g4 44. Re2 Rc8 45. Rd2 f4 46. gxf4 Bxf4 47. Re2+ Kf6 48. Kd5 Rd8+ 49. Ke4 Rd2 50. Rxd2 Bxd2 51. Bd7 Kg5 52. h3 gxh3 {[%emt 0:00:15] Weighted Error Value: White=0.07 (flawless) /Black=0.06 (flawless)} 1/2-1/2

[Event "Kvika Banki League Iceland 2022-23"]
[Site "Reykjavik"]
[Date "2022.10.14"]
[Round "2.4"]
[White "Gislason, Gudmundur"]
[Black "Gunnarsson, Arnar"]
[Result "0-1"]
[ECO "B07"]
[WhiteElo "2293"]
[BlackElo "2397"]
[Annotator "TA"]
[PlyCount "106"]
[EventDate "2022.10.13"]
[EventType "team-tourn"]
[EventCountry "ISL"]
[SourceTitle "playchess.com"]
[Source "ChessBase"]
[SourceQuality "1"]
[TimeControl "5400+30"]

1. d4 Nf6 2. Nf3 g6 3. g3 Bg7 4. Bg2 O-O 5. O-O d6 6. Re1 Nbd7 7. e4 e5 8. h3 Re8 9. Nc3 c6 {[%emt 0:00:41] B07: Pirc Defence: Miscellaneous Systems.} 10. Be3 Qc7 11. Qd2 b5 {[%emt 0:11:25][%cal Bb7b5,Bb5b4][%mdl 32] The position is equal.} 12. a3 Bb7 {[%emt 0:02:53] [#]} 13. Bh6 $146 ({Predecessor:} 13. Rad1 Nb6 14. b3 Nbd7 15. dxe5 dxe5 16. Bg5 Nc5 17. Qd6 Qxd6 18. Rxd6 Ne6 19. Bc1 {½-½ (45) Chemin,J (2296)-Valerga,D (2499) Buenos Aires 2005}) 13... a5 14. Bxg7 Kxg7 15. b3 Nb6 16. a4 (16. Qe3 $11) 16... b4 $15 17. Nd1 Nbd7 (17... c5 $15 {might be stronger.} 18. d5 c4) 18. Nb2 Ba6 19. Rad1 Rad8 20. Nh4 {[%emt 0:05:25] [#]} (20. c4 $11 {keeps the balance.}) 20... h6 ({Better is} 20... exd4 $1 $17 {next ...c5 is good for Black.} 21. Qxd4 d5 22. exd5 cxd5) 21. c3 Rb8 (21... d5 $15 {feels stronger.} 22. exd5 cxd5 23. dxe5 Nxe5 24. cxb4 axb4) 22. c4 $11 Rbd8 23. Kh2 Qb6 24. d5 (24. Nf3 $11) 24... cxd5 $17 25. exd5 Nc5 26. Re3 Re7 {[%emt 0:05:12] Black is more active.} (26... Bc8 $17 {Strongly threatening ...g5.} 27. Rde1 g5) 27. Rde1 $15 Rde8 28. f4 Qd8 29. fxe5 Rxe5 30. Rxe5 Rxe5 31. Rxe5 dxe5 32. Qe3 Nfd7 33. Nf3 {[%emt 0:00:45] Inhibits Qg5.} Qf6 (33... Qe7 $15) 34. Nd3 $11 Nxd3 35. Qxd3 Qd6 36. Qe3 f5 (36... Qc5 $11 37. Qe1 f5) 37. Qa7 $16 {[%emt 0:00:43][%cal Oc4c5] Black must now prevent c5!} Kf6 38. Qa8 (38. h4 $16) 38... Nb8 $1 $11 39. c5 Qc7 40. c6 Bd3 41. Nd2 $2 (41. Ne1 $11 {and White has nothing to worry.} e4 42. Nxd3 exd3 43. Bf3) 41... Ke7 $2 ({Black should try} 41... e4 $19 {And now ...Ke5 would win.} 42. d6 Qxd6 43. Qxa5 Nxc6) 42. Bf1 $1 Bxf1 43. Nxf1 {[%emt 0:00:07][%mdl 4096] Endgame KQN-KQN} Kd6 44. Ne3 f4 45. Nc4+ ({Don't play} 45. gxf4 exf4 46. Nc4+ Kxd5 $17) 45... Kxd5 46. Nb6+ $1 Ke6 47. Qxa5 Qxc6 {[%emt 0:00:18] aiming for ...Qc2+.} 48. Nc4 Qe4 49. Qxb4 {[%emt 0:00:41] Threatens to win with Qd6+.} Qe2+ 50. Kg1 Qd1+ 51. Kf2 Qd4+ 52. Ke2 Nc6 53. gxf4 $2 {[%emt 0:00:53][%mdl 8192] [#]} Nxb4 {[%emt 0:00:08] Weighted Error Value: White=0.44/Black=0.21 (precise)} 0-1

[Event "Kvika Banki League Iceland 2022-23"]
[Site "Reykjavik"]
[Date "2022.10.14"]
[Round "2.5"]
[White "Hansen, Soren Bech"]
[Black "Briem, Benedikt"]
[Result "1-0"]
[ECO "B52"]
[WhiteElo "2275"]
[BlackElo "2208"]
[Annotator "TA"]
[PlyCount "67"]
[EventDate "2022.10.13"]
[EventType "team-tourn"]
[EventCountry "ISL"]
[SourceTitle "playchess.com"]
[Source "ChessBase"]
[SourceQuality "1"]
[TimeControl "5400+30"]

1. e4 c5 2. Nf3 d6 3. Bb5+ Bd7 4. Bxd7+ Nxd7 5. O-O Ngf6 6. Qe2 e6 7. c4 Be7 8. Nc3 a6 9. b3 Ne5 10. Rd1 Qa5 11. Bb2 O-O 12. d4 {[%emt 0:03:23] B52: Sicilian: Moscow Variation with 3...Bd7.} Nxf3+ 13. Qxf3 {[%emt 0:00:25] [#] Strongly threatening e5.} cxd4 14. Rxd4 {[%emt 0:00:16] The position is equal.} Rfc8 {[%emt 0:02:01] [#]} 15. Re1 $146 (15. Rdd1 $11) ({Predecessor:} 15. a4 Qb6 16. Qd1 Ne8 17. a5 Qc7 18. Rd3 b6 19. axb6 Qxb6 20. Ba3 Bf6 21. Na4 {½-½ (28) Nicevski,R (2345)-Semkov,S (2460) Nimes 1991}) 15... Ne8 16. Rd3 b5 17. cxb5 axb5 18. e5 d5 19. Red1 Bb4 20. a4 bxa4 21. Nxa4 Rc6 22. h4 Nc7 23. h5 Nb5 (23... Bf8 $15) 24. h6 $1 $11 gxh6 {[%emt 0:06:24][%mdl 8192] Black cannot hold the game after this.} ({Don't take} 24... Bf8 25. hxg7 Bxg7 26. Qh5 $16) (24... Be7 $11) 25. Qf6 $18 Kf8 26. Rf3 {[%emt 0:02:09][%csl Gf3][%cal Rf6f7] [#]} Rc7 27. Qxe6 {[%emt 0:01:27] aiming for Bc1.} ({Weaker is} 27. Qh8+ Ke7 28. Qxh7 Rf8 29. Qxh6 Ke8 $16) 27... Qa6 28. Qxd5 (28. Nb6 $142) 28... Re7 29. Qe4 Ba3 30. Qxh7 {[%emt 0:00:52][%cal Rh7h8] White mates.} Rc7 31. Rf6 Qa7 32. Bxa3+ Nxa3 33. e6 Re8 34. Qh8+ {[%emt 0:00:43] Weighted Error Value: White=0.33/Black=0.42} (34. e7+ $142 Rcxe7 35. Qh8#) 1-0

[Event "Kvika Banki League Iceland 2022-23"]
[Site "Reykjavik"]
[Date "2022.10.14"]
[Round "2.6"]
[White "Briem, Stephan"]
[Black "Viglundsson, Bjorgvin"]
[Result "1-0"]
[ECO "E21"]
[WhiteElo "2083"]
[BlackElo "2205"]
[Annotator "TA"]
[PlyCount "123"]
[EventDate "2022.10.13"]
[EventType "team-tourn"]
[EventCountry "ISL"]
[SourceTitle "playchess.com"]
[Source "ChessBase"]
[SourceQuality "1"]
[TimeControl "5400+30"]

1. d4 Nf6 2. c4 e6 3. Nc3 Bb4 4. Bd2 O-O 5. Nf3 b6 6. e3 Bxc3 {[%emt 0:06:24] E21: Nimzo-Indian: 4 Nf3.} 7. Bxc3 Ne4 8. Bb4 c5 9. Ba3 d6 10. Be2 Nd7 11. O-O Bb7 {[%emt 0:00:19] [#]} 12. Nd2 $146 ({Predecessor:} 12. Rc1 f5 13. b4 Qe7 14. Qd3 e5 15. bxc5 bxc5 16. dxe5 dxe5 17. Rfd1 Nb6 18. Qc2 {1-0 (37) Maghsoodloo,P (2664)-Meier,G (2628) chess24.com INT 2020}) 12... Qe7 13. Nxe4 Bxe4 14. Bf3 f5 15. Bxe4 fxe4 16. Qc2 Nf6 17. Rad1 Rac8 18. b3 Rfd8 19. Rd2 cxd4 20. Rxd4 {[%emt 0:05:16] Threatens to win with Rfd1.} e5 21. Rd2 b5 22. Rfd1 Rc6 23. Qb2 bxc4 24. bxc4 {[%emt 0:00:38][%cal Oa3d6] aiming for Bxd6!} Qc7 25. h3 Rb8 26. Qa1 Rbb6 27. Kh2 Nd7 (27... Rxc4 $2 28. Bxd6 Qf7 29. Qxe5 $16 (29. Bxe5 h6 $18)) ({Black should play} 27... h5 $11) 28. Rb1 $14 Nc5 ({Black should try} 28... Ra6 $14 29. Rb3 Nb6) 29. Bxc5 $18 Rxc5 30. Rxb6 axb6 {[%emt 0:01:53][%mdl 4096] Endgame KQR-KQR} 31. Qd1 Rc6 32. Qg4 (32. Rb2 $18) 32... Qf7 (32... g6 $16 {is a better defense.}) 33. Qxe4 Qxc4 34. Qxc4+ Rxc4 35. Rxd6 {[%emt 0:00:02] KR-KR} Rc2 36. Kg3 Rxa2 37. Rxb6 {[%emt 0:00:03] Black must now prevent Rb5.} Kf7 38. Kf3 h5 39. g4 hxg4+ 40. hxg4 Rc2 41. g5 Ra2 $2 (41... e4+ $16 42. Kxe4 Rxf2) 42. Rc6 $2 (42. e4 $18 Ra7 43. g6+ Ke7 44. Kg4) 42... Rb2 $2 (42... e4+ $16 43. Kxe4 Rxf2) 43. Ra6 $2 (43. Rc5 $18 {is more deadly.} Ke6 44. e4) 43... Rc2 $2 (43... e4+ $16 44. Kg3 (44. Kxe4 Rxf2 45. Ke5 Rg2 $16) 44... Re2 45. g6+ Ke7) 44. Kg3 $2 (44. e4 $18 {has better winning chances.} Rc8 45. g6+ Ke7 46. Kg4) 44... Re2 45. Rb6 {[%emt 0:00:20] Kf3 is the strong threat.} Rc2 {[%emt 0:01:37] [#]} (45... Re1 $16 {was necessary.}) 46. f3 $2 (46. e4 $1 $18 {and the rest is easy.}) 46... Rc3 {[%emt 0:01:19] [#]} 47. g6+ (47. e4 $1 $16) 47... Ke7 $11 {[%emt 0:00:13] The position is equal.} 48. e4 Rc1 49. Kg4 Rf1 50. Rb7+ Kf6 51. Rb6+ Ke7 52. Ra6 Rf2 53. Ra7+ Kf6 54. Ra6+ Ke7 55. Kg5 {[%emt 0:01:54] And now Ra7+ would win.} Rxf3 56. Ra7+ Ke6 57. Rxg7 Rg3+ 58. Kh5 Rh3+ $1 59. Kg4 Rh1 60. Ra7 Kf6 61. Ra6+ Kg7 62. Kg5 {[%emt 0:00:43][%mdl 32768] Black defended with fortune.  Weighted Error Value: White=0.50/Black=0.15 (very precise) . Sensor Board Error (Ke4/e5)?} 1-0

[Event "Kvika Banki League Iceland 2022-23"]
[Site "Reykjavik"]
[Date "2022.10.14"]
[Round "2.7"]
[White "Einarsson, Arnthor"]
[Black "Einarsson, Halldor Gretar"]
[Result "1/2-1/2"]
[ECO "D78"]
[WhiteElo "2173"]
[BlackElo "2226"]
[Annotator "TA"]
[PlyCount "55"]
[EventDate "2022.10.13"]
[EventType "team-tourn"]
[EventCountry "ISL"]
[SourceTitle "playchess.com"]
[Source "ChessBase"]
[SourceQuality "1"]
[TimeControl "5400+30"]

1. d4 Nf6 2. c4 g6 3. Nc3 d5 4. Nf3 Bg7 5. g3 O-O 6. Bg2 c6 7. O-O (7. cxd5 {is superior.} cxd5 8. O-O) 7... h6 {[%emt 0:13:47] D78: Fianchetto Grünfeld: 6 0-0 c6.} (7... dxc4 $11 8. e4 b5) 8. Qb3 dxc4 9. Qxc4 {[%emt 0:00:03] [#]} b5 $146 {[%emt 0:04:28] White is slightly better.} ({Predecessor:} 9... Be6 10. Qa4 Nd5 11. e4 Nxc3 12. bxc3 Nd7 13. Re1 b5 14. Qc2 Qa5 15. Bd2 Qa4 {1-0 (26) Valdes Romero,L (2377)-Pablo Marin,A (2383) Sabadell 2015}) 10. Qd3 {[%emt 0:05:25] White is more active.} Bf5 ({Black should try} 10... Ba6 $14) 11. e4 $16 Be6 12. d5 (12. Rd1 $16) 12... b4 $14 13. Ne5 (13. Rd1 $5 Bg4 14. Ne2 $14) 13... Bc8 14. Ne2 Ba6 15. Nc4 $2 (15. Qc2 $1 $14) 15... cxd5 $19 16. exd5 {[%emt 0:00:07] [#]} Nbd7 $1 $36 {[%emt 0:00:58][%mdl 2048] Black has strong initiative.} 17. b3 {[%emt 0:02:27] [#]} Ne5 $1 18. Qd2 Nxc4 19. bxc4 Bxc4 20. Rd1 {[%emt 0:02:01] [#]} Nxd5 $1 21. Bb2 {[%emt 0:01:52][%cal Bc1b2,Bb2c3,Bc3d2][%mdl 32] And now Bxg7 would win.} Nc3 $1 22. Bxc3 Qxd2 (22... bxc3 $142 23. Qe1 Qb6 24. Bxa8 c2) 23. Bxd2 $17 Rad8 24. Bxb4 {[%emt 0:02:56] Strongly threatening Nc3.} Bxa1 ({Better is} 24... Bxe2 $17 25. Rxd8 Rxd8 26. Bxe7 (26. Re1 Bc4 $17) 26... Rd2) 25. Rxa1 $11 {[%emt 0:00:16] The position is equal.} Rb8 26. Bxe7 {[%emt 0:00:24] A strong pair of Bishops.} Rfe8 27. Nd4 $1 {[%emt 0:00:34] Threatens to win with Nc6.} ({Don't play} 27. Bd6 Rbd8 28. Bc7 Rc8 $19) 27... Rxe7 28. Nc6 {[%emt 0:00:02][%csl LRb8,LRe7] Weighted Error Value: White=0.30/Black=0.21 (precise)} 1/2-1/2

[Event "Kvika Banki League Iceland 2022-23"]
[Site "Reykjavik"]
[Date "2022.10.14"]
[Round "2.8"]
[White "Hreinsson, Hlidar"]
[Black "Bergthorsson, Jon Thor"]
[Result "1/2-1/2"]
[ECO "B50"]
[WhiteElo "2170"]
[BlackElo "2145"]
[Annotator "TA"]
[PlyCount "151"]
[EventDate "2022.10.13"]
[EventType "team-tourn"]
[EventCountry "ISL"]
[SourceTitle "playchess.com"]
[Source "ChessBase"]
[SourceQuality "1"]
[TimeControl "5400+30"]

1. e4 c5 2. Nf3 d6 3. d3 Nf6 4. Be2 Nc6 5. c3 g6 6. O-O Bg7 7. h3 O-O 8. Re1 {[%emt 0:00:40] B50: Sicilian: 2...d6, Miscellaneous.} b6 9. Bg5 {[%emt 0:04:18] [#]} h6 $146 ({Predecessor:} 9... Bb7 10. Nbd2 h6 11. Bf4 e5 12. Bh2 Nh5 13. Bf1 Re8 14. Rc1 Rc8 15. a3 a6 {½-½ (35) Mulligan,B (2248)-Simakov,V (2350) ICCF email 2014}) 10. Be3 Bb7 11. Nbd2 Rc8 12. Rc1 e5 13. c4 {[%emt 0:34:17] Against d5} Ne8 14. Nb1 f5 15. Nh2 Nf6 16. Nc3 Nd4 (16... f4 $5 17. Bd2 $8 Nd4 $11) 17. Nd5 Nxe2+ 18. Rxe2 Bxd5 (18... fxe4 19. Nxf6+ Qxf6 20. dxe4 $11) (18... Nxd5 $15 19. exd5 b5) 19. exd5 f4 20. Bd2 Qd7 21. Re1 Qf5 22. Bc3 h5 23. Nf3 Rce8 24. Nh4 Qg5 25. Nf3 Qh6 26. Nd2 g5 27. Ne4 Nxe4 28. dxe4 Re7 (28... g4 {is interesting.} 29. f3 gxh3 30. gxh3 Bf6) 29. f3 {[%emt 0:01:58] Against g4} Bf6 30. Kf1 g4 31. Ke2 (31. hxg4 $15 Bh4 32. Re2) 31... gxf3+ $17 32. gxf3 Rg7 33. Rh1 Rg2+ 34. Kd3 Kh8 35. Rc2 Qg7 36. Be1 (36. a4 $17 {was called for.}) 36... Rg8 (36... Rg1 $19 37. Rxg1 Qxg1) 37. Rh2 Rxh2 38. Rxh2 Qg1 39. Qe2 a6 40. Kc2 b5 $1 41. cxb5 axb5 42. Rf2 {[%emt 0:00:15] [#]} (42. Qf2 $17) 42... b4 ({Black should try} 42... Bh4 $1 $19 43. Rf1 Qg2) 43. Rf1 $15 Qd4 (43... Qg7 $15) 44. Bf2 $11 Rg2 45. Kb3 Bh4 46. Bxd4 (46. Qb5 $1 $11 {remains equal.} Bxf2 47. Qe8+ Rg8 48. Qxh5+ Kg7 49. Qg4+ Kf8 50. Qf5+ Ke7 51. Qe6+ Kf8 52. Qf5+ (52. Qf6+ Ke8 $11) 52... Kg7 53. Qg4+ Kh8 54. Qh5+ Kg7 55. Qg4+) 46... Rxe2 {[%emt 0:00:11][%mdl 4096] Endgame KRB-KRB} 47. Bg1 Kg7 48. a4 bxa3 $1 49. bxa3 Kf7 50. a4 Be1 (50... Bd8 $17) 51. Kc4 Bb4 52. Kb5 Ra2 53. Bf2 Rb2 {[%emt 0:01:41] Strongly threatening ...Be1+.} 54. Kc4 $2 {[%emt 0:01:08][%mdl 8192] [#]} (54. Kc6 $1 $11 {and White stays safe.} c4 55. Bb6) 54... Ba5 $1 $19 55. Bh4 Rb4+ 56. Kd3 Rxa4 {[%emt 0:00:08] ...c4+ is the strong threat.} 57. Rb1 Ra3+ (57... c4+ $19 58. Kc2 Bb4) 58. Ke2 $2 (58. Kc4 $17 {was the crucial defense.}) 58... Bb4 59. Bf2 Ra4 60. Kd3 Ra2 61. Rf1 Ra3+ 62. Ke2 c4 63. Rc1 Ra2+ 64. Kf1 c3 {[%emt 0:00:21] ( -> ...c2)} 65. Be1 Rh2 {[%emt 0:00:23][%cal Oc3c2] aiming for ...c2!} 66. Kg1 Rb2 (66... Rxh3 67. Kg2 Rg3+ 68. Bxg3 fxg3 69. Kxg3 $11) 67. Bxc3 Bc5+ 68. Kh1 Rf2 {[%emt 0:00:11] White must now prevent ...Ke8.} 69. Bxe5 Rxf3 ({Weaker is} 69... dxe5 70. Rxc5 Rxf3 71. h4 $11) 70. Bc3 $2 (70. Kg2 $17 {is a better chance.} Rf2+ 71. Kh1) 70... Rxh3+ 71. Kg2 Re3 {[%emt 0:00:21] Threatens to win with ...f3+.} 72. e5 f3+ 73. Kf1 dxe5 $2 (73... h4 $19 {And now ...h3 would win.} 74. e6+ Kg6) 74. Bxe5 $15 Rxe5 75. Rxc5 Ke7 76. Kf2 {[%emt 0:00:14] Weighted Error Value: White=0.35/Black=0.18 (very precise)} 1/2-1/2

[Event "Kvika Banki League Iceland 2022-23"]
[Site "Reykjavik"]
[Date "2022.10.14"]
[Round "2.9"]
[White "Dziuba, Marcin"]
[Black "Oleksiyenko, Mykhaylo"]
[Result "1-0"]
[ECO "D10"]
[WhiteElo "2569"]
[BlackElo "2592"]
[Annotator "TA"]
[PlyCount "59"]
[EventDate "2022.10.13"]
[EventType "team-tourn"]
[EventCountry "ISL"]
[SourceTitle "playchess.com"]
[Source "ChessBase"]
[SourceQuality "1"]
[TimeControl "5400+30"]

1. d4 d5 2. c4 c6 3. Nc3 Nf6 4. e3 Bf5 5. cxd5 cxd5 6. Qb3 Bc8 {[%emt 0:00:03] 6...Nc6 is the hot move.} 7. Nf3 {[%emt 0:00:47] D10: Slav Defence: 3 cxd5 (without early Nf3) and 3 Nc3.} Nc6 8. Bd3 e6 9. O-O {[%emt 0:00:25] White has an edge.} Be7 10. Bd2 O-O 11. Rfc1 Bd7 12. a3 {[%emt 0:00:55] [#]} ({Don't blunder} 12. Qxb7 $2 Rb8 13. Qa6 Nb4 14. Bxh7+ Nxh7 $19) 12... Na5 $146 (12... Qb8 {with more complications.} 13. Na4 Ne4 14. Bb4 Nxb4 15. axb4 Bd6) ({Predecessor:} 12... Rc8 13. Qa2 Bd6 14. b4 a6 15. b5 axb5 16. Nxb5 Bb8 17. Nc3 Na5 18. Rab1 Bc6 19. Ne2 Re8 20. Bb4 Nd7 21. Ng3 {½-½ (21) Polak,T (2514)-Hera,I (2605) Germany 2019}) 13. Qa2 Nc6 14. b4 Rc8 (14... a6 $11) 15. b5 $14 Na5 16. Ne5 {[%emt 0:02:02] Inhibits Nc4.} Be8 17. Ne2 {[%emt 0:24:33] [#] And now Rxc8 would win.} Rxc1+ 18. Rxc1 ({Resist} 18. Nxc1 Nd7 $14) 18... Nd7 19. a4 {[%emt 0:06:40] White is much more active.} Bd6 ({Better is} 19... Nxe5 20. dxe5 h6) 20. Qc2 $16 Nxe5 (20... Nf6 $16 21. Qb2 Nh5) 21. dxe5 $18 Bxe5 $2 (21... Ba3 {is a better defense.}) 22. Bxh7+ Kh8 {[%emt 0:00:07] Loses the game.} 23. Bxa5 Qxa5 24. Qc5 Kxh7 25. Qxf8 Qd8 {[%emt 0:00:04] [#] Hoping for ...Bd6.} 26. Qc5 a6 27. Qc8 Qd7 28. f4 Bd6 29. bxa6 bxa6 30. Qxa6 {[%emt 0:00:11] Weighted Error Value: White=0.05 (flawless) /Black=0.29 (precise)} 1-0

[Event "Kvika Banki League Iceland 2022-23"]
[Site "Reykjavik"]
[Date "2022.10.14"]
[Round "2.10"]
[White "Kjartansson, Gudmundur"]
[Black "Pakleza, Zbigniew"]
[Result "1/2-1/2"]
[ECO "B10"]
[WhiteElo "2456"]
[BlackElo "2496"]
[Annotator "TA"]
[PlyCount "56"]
[EventDate "2022.10.13"]
[EventType "team-tourn"]
[EventCountry "ISL"]
[SourceTitle "playchess.com"]
[Source "ChessBase"]
[SourceQuality "1"]
[TimeControl "5400+30"]

1. e4 c6 2. Nf3 d5 3. d3 dxe4 4. dxe4 Qxd1+ 5. Kxd1 Bg4 6. Be3 {[%emt 0:01:35] B10: Caro-Kann: 2 d3 and 2 c4.} Nd7 7. Nbd2 e6 {[%emt 0:08:25] [#]} 8. h3 $146 ({Predecessor:} 8. Nb3 O-O-O 9. Ke1 Ngf6 10. Nfd2 e5 11. Bc4 Bh5 12. f3 Nb6 13. a4 Bb4 14. Be2 {1-0 (43) Hadzovic,A (2284)-Kurtcehajic,S (1978) Sarajevo 2021}) 8... Bxf3+ 9. gxf3 Bc5 10. Rg1 g6 11. c3 Ngf6 12. Kc2 Bxe3 13. fxe3 Ke7 14. a4 Ne8 15. Nc4 Nd6 16. Nxd6 Kxd6 17. a5 f5 18. Ra4 Kc7 19. h4 b5 20. axb6+ axb6 21. Rxa8 Rxa8 22. exf5 exf5 $11 {[%emt 0:00:18][%mdl 4096] Endgame KRB-KRN} 23. Bd3 Nf6 24. e4 fxe4 25. Bxe4 Ra5 26. Re1 Nd7 27. Bd3 Rh5 28. Re4 Nc5 {[%emt 0:04:42] An uneventful encounter.  Weighted Error Value: White=0.02 (flawless) /Black=0.04 (flawless)} 1/2-1/2